[Event "Commonwealth CC-Open 2024"]
[Site "Malacca"]
[Date "2024.02.26"]
[Round "8.22"]
[White "AH KYE, Benitot"]
[Black "Khandhar, Kaushal"]
[Result "1-0"]
[ECO "B15"]
[WhiteElo "1708"]
[BlackElo "1840"]
[Annotator "NA RC"]
[PlyCount "59"]
[EventDate "2024.02.21"]
[EventCountry "MAS"]
[SourceTitle "playchess.com"]
[Source "ChessBase"]
[SourceQuality "1"]
[TimeControl "5400+30"]

1. e4 c6 2. d4 d5 3. Nc3 dxe4 4. Nxe4 Nf6 5. Nxf6+ exf6 6. c3 Bd6 7. Bd3 O-O 8. Qc2 Re8+ {[%emt 0:00:49] B15: Caro-Kann: 3 Nc3: 3...g6 and 3...dxe4 4 Nxe4 Nf6 5 Nxf6+ exf6.} 9. Ne2 h5 10. Be3 Nd7 11. O-O-O Nf8 {[%emt 0:01:58] 11...b5 might become the main line.} 12. h3 Be6 13. c4 Qa5 14. Kb1 b5 $146 ({Predecessor:} 14... Rac8 15. Bd2 Bb4 16. Nf4 Bxd2 17. Rxd2 Qg5 18. g3 h4 19. Rg1 b5 20. Rdd1 Bxc4 21. Bxc4 bxc4 22. Qxc4 hxg3 23. fxg3 {0-1 Sosovickova,J (2022)-Bratovic,B (2326) Pula op 35th 2023 (2)}) 15. Bd2 Qa6 16. d5 cxd5 17. cxb5 Qb7 $1 18. Nd4 Rec8 19. Qb3 $11 Nd7 20. Bf5 Nc5 21. Qf3 Be5 22. Be3 a6 23. Nxe6 fxe6 24. Bxc5 exf5 25. Qxd5+ Qxd5 26. Rxd5 axb5 27. Bb4 Rab8 28. f4 Bxf4 29. Rxf5 Rc4 30. Rxf4 1-0

[Event "Commonwealth CC-Open 2024"]
[Site "Malacca"]
[Date "2024.02.26"]
[Round "8.24"]
[White "Gomes, Mary Ann"]
[Black "Aminuddin, Muhd Faqih"]
[Result "1-0"]
[ECO "A34"]
[WhiteElo "2332"]
[BlackElo "1753"]
[Annotator "RC"]
[PlyCount "113"]
[EventDate "2024.02.21"]
[EventCountry "MAS"]
[SourceTitle "playchess.com"]
[Source "ChessBase"]
[SourceQuality "1"]
[TimeControl "5400+30"]

1. c4 Nf6 2. Nf3 c5 3. g3 Nc6 4. Bg2 d5 5. cxd5 Nxd5 6. Nc3 Nc7 7. O-O e5 8. d3 Be7 9. Nd2 O-O 10. Nc4 Bd7 11. a4 f6 12. f4 Rb8 13. fxe5 fxe5 14. Be3 Qe8 15. Nb5 Ne6 16. Nbd6 Qh5 17. Bf3 Qh3 18. Ne4 Ned4 19. Bxd4 exd4 20. Qd2 Qf5 21. Rf2 Ne5 22. Nxe5 Qxe5 23. Qa5 Bc6 24. Raf1 a6 25. Kg2 Rf5 26. Qb6 Rbf8 27. Nd2 Bxf3+ 28. exf3 Qd5 29. Ne4 Bd8 30. Qd6 Qxd6 31. Nxd6 Rd5 32. Ne4 b5 33. axb5 axb5 34. Rc1 Bb6 35. Rfc2 Rc8 36. b3 Ra8 37. Nxc5 Bxc5 38. Rxc5 Rxc5 39. Rxc5 Ra2+ 40. Kh3 Rd2 41. Rxb5 Rxd3 42. Kg4 Rd2 43. h4 Rb2 44. Kf4 d3 45. Ke3 d2 46. Ke2 Kf7 47. g4 h6 48. Kd1 Kf6 49. f4 Kf7 50. h5 Kf6 51. Rb6+ Kf7 52. g5 Ke7 53. g6 Kf8 54. Rb7 Ra2 55. b4 Rb2 56. b5 Rb4 57. b6 1-0

[Event "Commonwealth CC-Open 2024"]
[Site "Malacca"]
[Date "2024.02.26"]
[Round "8.25"]
[White "Muraley, Rittesh"]
[Black "Smith, Robert W"]
[Result "0-1"]
[ECO "E60"]
[WhiteElo "1663"]
[BlackElo "2152"]
[Annotator "RC"]
[PlyCount "62"]
[EventDate "2024.02.21"]
[EventCountry "MAS"]
[SourceTitle "playchess.com"]
[Source "ChessBase"]
[SourceQuality "1"]
[TimeControl "5400+30"]

1. d4 Nf6 2. Nf3 g6 3. b4 Bg7 4. c4 d6 5. e3 O-O 6. Be2 Nbd7 7. O-O e5 8. Bb2 e4 9. Nfd2 Re8 10. Nc3 Nf8 11. Qb3 h5 12. Rac1 h4 13. Rfd1 h3 14. g3 N8h7 15. d5 Ng5 16. c5 Bg4 17. cxd6 cxd6 18. Bxg4 Nxg4 19. Nb5 Qd7 20. Bxg7 Qxb5 21. Qc4 Qxc4 22. Rxc4 Kxg7 23. Rc7 Rab8 24. Rd7 Red8 25. Re7 Kf8 26. Rc7 Rdc8 27. Rdc1 Rxc7 28. Rxc7 Nf6 29. Rc4 Re8 30. a3 Re5 31. Rc8+ Kg7 0-1

[Event "Commonwealth CC-Open 2024"]
[Site "Malacca"]
[Date "2024.02.26"]
[Round "8.26"]
[White "Sabri, Mohd Saprin"]
[Black "M Mohd Nur, Megat Muhd Irfan"]
[Result "0-1"]
[ECO "A11"]
[WhiteElo "1922"]
[BlackElo "1601"]
[Annotator "RC"]
[PlyCount "80"]
[EventDate "2024.02.21"]
[EventCountry "MAS"]
[SourceTitle "playchess.com"]
[Source "ChessBase"]
[SourceQuality "1"]
[TimeControl "5400+30"]

1. Nf3 d5 2. c4 c6 3. e3 Nf6 4. Nc3 e6 5. Qc2 Bd6 6. b3 Nbd7 7. Bb2 a6 8. d4 b5 9. Bd3 Bb7 10. O-O O-O 11. c5 Bc7 12. Ne2 Re8 13. Ne5 Nxe5 14. dxe5 Ng4 15. h3 Nxe5 16. Bxh7+ Kh8 17. f4 Nd7 18. Bd3 f6 19. Bg6 Re7 20. Nd4 Nf8 21. Nf3 Nxg6 22. Qxg6 Qe8 23. Qg4 Rd8 24. Kh1 Bc8 25. Rf2 Kh7 26. Qh4+ Kg8 27. g4 e5 28. g5 g6 29. Rh2 Rh7 30. Qg3 exf4 31. exf4 Qe4 32. Re1 Qxf4 33. Qxf4 Bxf4 34. Rhe2 Rxh3+ 35. Kg2 Bg4 36. gxf6 Rg3+ 37. Kf2 Rxf3+ 38. Kg2 Rg3+ 39. Kf2 Bxe2 40. Rxe2 Re3 0-1

[Event "Commonwealth CC-Open 2024"]
[Site "Malacca"]
[Date "2024.02.27"]
[Round "9.1"]
[White "Mitrabha, Guha"]
[Black "Rohith Krishna S"]
[Result "1-0"]
[ECO "A36"]
[WhiteElo "2504"]
[BlackElo "2410"]
[Annotator "ChessBase"]
[PlyCount "113"]
[EventDate "2024.02.21"]
[EventCountry "MAS"]
[SourceTitle "playchess.com"]
[Source "ChessBase"]
[SourceQuality "1"]
[TimeControl "5400+30"]

1. c4 Nf6 2. Nc3 c5 3. g3 Nc6 4. Bg2 g6 5. e3 Bg7 6. Nge2 O-O 7. d4 cxd4 8. exd4 d6 9. h3 a6 10. O-O Bd7 11. b3 Rc8 12. Be3 Na5 13. a4 Qb6 14. Nc1 h5 15. Re1 Rfe8 16. Ra2 Qb4 17. Bd2 Qb6 18. Bg5 Qb4 19. N3e2 e6 20. Bd2 Qb6 21. Bc3 Qc7 22. Qd2 b6 23. Rd1 Nb7 24. Nd3 d5 25. Ne5 dxc4 26. bxc4 Nd6 27. c5 bxc5 28. dxc5 Nde4 29. Bxe4 Nxe4 30. Qf4 Bc6 31. Rd7 Qxd7 32. Nxd7 Nxc3 33. Nxc3 Bxc3 34. Qe3 Bg7 35. Nb6 Rcd8 36. Rd2 Bf6 37. Rd6 Bb7 38. Qf4 Be7 39. Nd7 Bd5 40. Ne5 Rf8 41. Rxd8 Bxd8 42. Nd7 Re8 43. Qb8 Kg7 44. Qc8 Rh8 45. c6 Be7 46. Qb7 a5 47. Nb6 Bxc6 48. Qxc6 Bb4 49. Qc7 h4 50. g4 Re8 51. Nd7 e5 52. Nxe5 Re7 53. Qb8 Re6 54. Nf3 Re2 55. Qa7 Rc2 56. Ng5 Bc5 57. Ne6+ 1-0

[Event "Commonwealth CC-Open 2024"]
[Site "Malacca"]
[Date "2024.02.27"]
[Round "9.2"]
[White "Tin, Jingyao"]
[Black "Vignesh N R"]
[Result "1/2-1/2"]
[ECO "E29"]
[WhiteElo "2563"]
[BlackElo "2517"]
[Annotator "ChessBase"]
[PlyCount "116"]
[EventDate "2024.02.21"]
[EventCountry "MAS"]
[SourceTitle "playchess.com"]
[Source "ChessBase"]
[SourceQuality "1"]
[TimeControl "5400+30"]

1. d4 Nf6 2. c4 e6 3. Nc3 Bb4 4. e3 O-O 5. a3 Bxc3+ 6. bxc3 c5 7. Bd3 Nc6 8. Rb1 b6 9. e4 Ne8 10. Nf3 Ba6 11. e5 f5 12. d5 Na5 13. d6 Bxc4 14. Bxc4 Nxc4 15. Qd3 Na5 16. c4 Qc8 17. Bd2 Nb7 18. O-O f4 19. Ng5 Rf5 20. Bxf4 Qd8 21. Qe4 h6 22. Nf3 Na5 23. g4 Rf7 24. Kg2 Qc8 25. Bd2 Qc6 26. Qxc6 Nxc6 27. Rfe1 Nxd6 28. exd6 Raf8 29. Rb3 Nd4 30. Ree3 Rf4 31. Nxd4 Rxf2+ 32. Kg3 cxd4 33. Red3 e5 34. h4 Re2 35. h5 Rff2 36. Bb4 Rg2+ 37. Kh4 Re4 38. Rg3 Rh2+ 39. Rh3 Rg2 40. Rhg3 Rh2+ 41. Rh3 Rc2 42. c5 bxc5 43. Ba5 c4 44. Rb7 d3 45. Rxd7 d2 46. Bxd2 Rxd2 47. Rf3 Rdd4 48. Rxa7 Rxg4+ 49. Kh3 Rgf4 50. Rxf4 exf4 51. Kg4 Rxd6 52. Rc7 Rd4 53. a4 c3 54. a5 Ra4 55. Rxc3 Rxa5 56. Rf3 Rg5+ 57. Kh4 Rf5 58. Kg4 Rg5+ 1/2-1/2

[Event "Commonwealth CC-Open 2024"]
[Site "Malacca"]
[Date "2024.02.27"]
[Round "9.3"]
[White "Das, Sayantan"]
[Black "Visakh N R"]
[Result "1/2-1/2"]
[ECO "B11"]
[WhiteElo "2514"]
[BlackElo "2549"]
[Annotator "ChessBase"]
[PlyCount "115"]
[EventDate "2024.02.21"]
[EventCountry "MAS"]
[SourceTitle "playchess.com"]
[Source "ChessBase"]
[SourceQuality "1"]
[TimeControl "5400+30"]

1. e4 c6 2. Nf3 d5 3. Nc3 Bg4 4. h3 Bxf3 5. Qxf3 e6 6. Be2 Nf6 7. O-O Be7 8. Rd1 d4 9. Nb1 O-O 10. d3 c5 11. h4 Nc6 12. h5 Kh8 13. Rf1 Rc8 14. Nd2 b5 15. Qg3 Ng8 16. a3 Qd7 17. f4 f5 18. e5 Nh6 19. Nf3 Ng4 20. Ng5 Bxg5 21. fxg5 c4 22. Bxg4 fxg4 23. Bf4 Qd5 24. Rae1 Rf5 25. Qxg4 Rcf8 26. Bg3 Kg8 27. g6 Rxf1+ 28. Rxf1 Rxf1+ 29. Kxf1 Ne7 30. gxh7+ Kxh7 31. Bf4 cxd3 32. cxd3 Qa2 33. Qe2 Nd5 34. Bg5 Ne3+ 35. Kf2 Qb1 36. Bxe3 dxe3+ 37. Kxe3 Qc1+ 38. Kf3 Qh1 39. Kg3 Kh8 40. d4 Qc1 41. Qf2 Kh7 42. Kh3 Qh1+ 43. Kg4 Qd1+ 44. Kg5 Qc1+ 45. Kh4 Qh1+ 46. Kg4 Qd1+ 47. Kg5 Qc1+ 48. Qf4 Qxb2 49. Qe4+ Kg8 50. Kg6 Qxa3 51. g4 Qf8 52. Qc6 Qf7+ 53. Kg5 b4 54. Qc8+ Kh7 55. Qc2+ Kg8 56. Qc8+ Kh7 57. Qc2+ Kg8 58. Qc8+ 1/2-1/2

[Event "Commonwealth CC-Open 2024"]
[Site "Malacca"]
[Date "2024.02.27"]
[Round "9.4"]
[White "Lalit Babu M R"]
[Black "Deepan Chakkravarthy J."]
[Result "0-1"]
[ECO "E04"]
[WhiteElo "2525"]
[BlackElo "2422"]
[Annotator "ChessBase"]
[PlyCount "82"]
[EventDate "2024.02.21"]
[EventCountry "MAS"]
[SourceTitle "playchess.com"]
[Source "ChessBase"]
[SourceQuality "1"]
[TimeControl "5400+30"]

1. d4 Nf6 2. c4 e6 3. Nf3 d5 4. g3 dxc4 5. Bg2 Nc6 6. O-O a6 7. Nc3 Rb8 8. e4 Be7 9. d5 exd5 10. exd5 Nb4 11. Ne5 Bf5 12. Nxc4 Bd3 13. b3 Bxf1 14. Kxf1 a5 15. a3 Na6 16. Nxa5 O-O 17. b4 Ne8 18. Bd2 Nd6 19. Qc2 Bg5 20. Be1 Re8 21. Ne4 Nxe4 22. Bxe4 g6 23. Rd1 Bf6 24. d6 cxd6 25. Bxb7 Nc7 26. Nc6 Qd7 27. Nxb8 Qb5+ 28. Kg1 Qxb7 29. Nc6 Ne6 30. Qc4 Ng5 31. Qd5 Qa8 32. h4 Ne4 33. Na5 Qc8 34. Nc4 Bxh4 35. Kg2 Ng5 36. Nxd6 Qh3+ 37. Kg1 Re5 38. Qg2 Qg4 39. Rc1 Nf3+ 40. Kf1 Be7 41. Rc8+ Qxc8 0-1

[Event "Commonwealth CC-Open 2024"]
[Site "Malacca"]
[Date "2024.02.27"]
[Round "9.5"]
[White "Swapnil, S. Dhopade"]
[Black "Laxman, R.R."]
[Result "1/2-1/2"]
[ECO "A14"]
[WhiteElo "2454"]
[BlackElo "2338"]
[Annotator "ChessBase"]
[PlyCount "75"]
[EventDate "2024.02.21"]
[EventCountry "MAS"]
[SourceTitle "playchess.com"]
[Source "ChessBase"]
[SourceQuality "1"]
[TimeControl "5400+30"]

1. Nf3 d5 2. g3 Nf6 3. Bg2 c6 4. c4 e6 5. b3 Be7 6. O-O O-O 7. Bb2 a5 8. Nc3 b6 9. d3 Nbd7 10. Qc2 Ba6 11. e4 Rc8 12. e5 Ne8 13. Rfe1 b5 14. Ne2 Qb6 15. Rab1 Nc7 16. Nf4 Rfd8 17. h4 Nf8 18. h5 h6 19. g4 Rd7 20. Bd4 c5 21. Be3 Rcd8 22. a4 b4 23. Nh3 Bb7 24. Rbd1 dxc4 25. dxc4 Be4 26. Qe2 Qc6 27. Nf4 Nh7 28. Bc1 Rxd1 29. Rxd1 Rxd1+ 30. Qxd1 Qa8 31. Qd7 Bxf3 32. Qxe7 Ng5 33. Qxc7 Bxg2 34. Nxg2 Nf3+ 35. Kf1 Nh2+ 36. Kg1 Nf3+ 37. Kf1 Nh2+ 38. Kg1 1/2-1/2

[Event "Commonwealth CC-Open 2024"]
[Site "Malacca"]
[Date "2024.02.27"]
[Round "9.6"]
[White "Liu, Yi"]
[Black "Vaibhav, Suri"]
[Result "0-1"]
[ECO "D02"]
[WhiteElo "2260"]
[BlackElo "2596"]
[Annotator "TA"]
[PlyCount "74"]
[EventDate "2024.02.21"]
[EventCountry "MAS"]
[SourceTitle "playchess.com"]
[Source "ChessBase"]
[SourceQuality "1"]
[TimeControl "5400+30"]

1. d4 Nf6 2. Nf3 e6 3. Bf4 d5 4. e3 c5 5. Nbd2 Nc6 6. c3 cxd4 7. exd4 Nh5 8. Be3 Bd6 {[#]} 9. Ne5 $1 {The position is equal.} Nf6 10. f4 Qb6 11. Qb3 Ng8 12. g3 Nge7 13. Bg2 f6 14. Nd3 h5 15. O-O Bd7 16. Nc5 Bxc5 17. dxc5 Qc7 18. Nf3 Nf5 {Prevents Nh4} 19. Bf2 h4 20. Nd4 (20. Nxh4 $11 Nxh4 21. gxh4) 20... hxg3 $17 21. hxg3 Ncxd4 22. cxd4 {[#]} O-O-O $1 {Hoping for ...g5. Black is more active.} 23. a4 (23. Rfe1 $17) 23... g5 $40 {[%mdl 128] Black wants a kill.} 24. fxg5 Rdg8 25. Rfd1 Rxg5 (25... fxg5 26. a5 $11) 26. Ra3 Be8 ({Better is} 26... Bc6 $19 {Strongly threatening ...Qh7.} 27. Rd3 Qh7) 27. a5 (27. Re1 $17) 27... a6 28. Qb6 Qh7 29. Qxe6+ $2 (29. c6 Bxc6 (29... Qh2+ 30. Kf1 $11) 30. Rc1) 29... Bd7 30. Qxd5 (30. Qxf6 Rg6 $19) 30... Qh2+ 31. Kf1 {[#] Loses the game.} Bb5+ $1 (31... Nxg3+ $2 32. Bxg3 Bb5+ 33. Kf2 Rxd5 34. Bxh2 Rxh2 35. Rh3 Rxh3 36. Bxh3+ (36. Bxd5 Bd7 $18) 36... Kc7 37. Be6 $18) (31... Ne3+ 32. Rxe3 Bb5+ 33. Ke1 Rxd5 34. Bxd5) 32. Ke1 Re8+ (32... Nxg3 $2 33. Qxb7+ Kd8 34. c6 $18 (34. Qb8+ Kd7 $18)) 33. Kd2 Bc6 (33... Nxg3 $2 {too greedy.} 34. Qxb7+ Kd8 35. Qb8+ Ke7 36. Re1+ (36. Bxg3 $2 {loses.} Qxg2+ 37. Kc1 Rxb8 $19) 36... Kf7 37. Qc7+ (37. Bxg3 $2 {perishes.} Qxg2+ 38. Kc1 Rxb8 $19) 37... Kf8 38. Rxe8+ (38. Bxg3 Qxg2+ 39. Kc1 Rxe1+ 40. Bxe1 Qe4 $11) (38. Rxg3 Rxe1 39. Bxe1 Rxg3 $18) 38... Bxe8 39. Qd6+ (39. Bxg3 $2 Qxg2+ 40. Kd1 Qg1+ 41. Kd2 Qxd4+ 42. Rd3 Qxb2+ 43. Ke3 Qc1+ 44. Kf2 Rf5+ $19) (39. Rxg3 Qxg2 40. Qd6+ Kg7 $18) 39... Kg7 40. Rxg3 $18 (40. Bxg3 Qxg2+ 41. Kc1 Qf1+ 42. Kd2 Qg2+ 43. Kc1 Qf1+ 44. Kd2 Rg4 $11)) (33... Re2+ 34. Kc1 Bc6 (34... Rxf2 $2 35. Qxb7+ Kd8 36. c6 $18) 35. Qc4 $11) 34. Rh1 Qxg2 35. Qxg2 Bxg2 36. Rg1 Bd5 37. g4 Nh6 {[%emt 1:32:57] Weighted Error Value: White=0.36/Black=0.10 (very precise) .  Loses game:     	White=1     	---        Mistake:       	White=4     	Black=1      Inaccurate:     	---       	Black=1      OK:         	White=13    	Black=17     Best:        	White=3     	Black=3      Strong:       	---       	Black=2} 0-1

[Event "Commonwealth CC-Open 2024"]
[Site "Malacca"]
[Date "2024.02.27"]
[Round "9.6"]
[White "Vengadasalam, Ajay"]
[Black "Tippa, Aswath Srisai"]
[Result "0-1"]
[ECO "A06"]
[WhiteElo "1287"]
[BlackElo "1411"]
[Annotator "NA"]
[PlyCount "42"]
[EventDate "2024.02.21"]
[EventCountry "MAS"]
[SourceTitle "playchess.com"]
[Source "ChessBase"]
[SourceQuality "1"]
[TimeControl "5400+30"]

1. Nf3 Nf6 2. d3 d5 3. c3 c5 4. Nbd2 Nc6 5. Qa4 Bd7 6. Qb3 Qc7 7. e4 e6 8. Be2 Bd6 9. Qc2 h6 10. h3 O-O 11. g4 Bf4 12. Rg1 Rfd8 13. g5 hxg5 14. Nxg5 Ne5 15. h4 a6 16. h5 Bb5 17. a4 dxe4 18. dxe4 Bd3 19. Qd1 Bxe2 20. Kxe2 Nd3 21. Ngf3 Qc6 0-1

[Event "Commonwealth CC-Open 2024"]
[Site "Malacca"]
[Date "2024.02.27"]
[Round "9.7"]
[White "Iniyan, Pa"]
[Black "Srija, Seshadri"]
[Result "1-0"]
[ECO "D43"]
[WhiteElo "2515"]
[BlackElo "2291"]
[Annotator "ChessBase"]
[PlyCount "65"]
[EventDate "2024.02.21"]
[EventCountry "MAS"]
[SourceTitle "playchess.com"]
[Source "ChessBase"]
[SourceQuality "1"]
[TimeControl "5400+30"]

1. d4 d5 2. c4 c6 3. Nf3 Nf6 4. Nc3 e6 5. Bg5 h6 6. Bh4 dxc4 7. e4 g5 8. Bg3 b5 9. Be2 Bb7 10. Qc2 Nh5 11. Rd1 Nd7 12. d5 Nxg3 13. hxg3 Bg7 14. dxe6 fxe6 15. e5 Qe7 16. Qg6+ Kd8 17. Nd4 Kc8 18. Nxe6 Bxe5 19. Rxh6 Nf8 20. Qf5 Bxc3+ 21. bxc3 Rxh6 22. Rd8+ Qxd8 23. Nxd8+ Kc7 24. Qf7+ Nd7 25. Nxb7 Rf8 26. Qe7 Rhf6 27. Nc5 R8f7 28. Ne6+ Kb6 29. Qd8+ Ka6 30. Nc7+ Kb7 31. Ne8 Re6 32. Qc7+ Ka6 33. Nd6 1-0

[Event "Commonwealth CC-Open 2024"]
[Site "Malacca"]
[Date "2024.02.27"]
[Round "9.9"]
[White "Nandhidhaa, P V"]
[Black "Chong, Jin Cheng"]
[Result "1/2-1/2"]
[ECO "B38"]
[WhiteElo "2305"]
[BlackElo "1706"]
[Annotator "ChessBase"]
[PlyCount "71"]
[EventDate "2024.02.21"]
[EventCountry "MAS"]
[SourceTitle "playchess.com"]
[Source "ChessBase"]
[SourceQuality "1"]
[TimeControl "5400+30"]

1. e4 c5 2. Nf3 g6 3. d4 cxd4 4. Nxd4 Bg7 5. c4 Nc6 6. Be3 Nf6 7. Nc3 O-O 8. Be2 d6 9. O-O Bd7 10. h3 Nxd4 11. Bxd4 Bc6 12. Qc2 a5 13. b3 Nd7 14. Bxg7 Kxg7 15. Rad1 Qb6 16. Rfe1 Ne5 17. Qb2 f5 18. exf5 gxf5 19. Nd5 Bxd5 20. Rxd5 Rac8 21. Rb5 Qa7 22. Rxe5 dxe5 23. Qxe5+ Rf6 24. Qxe7+ Rf7 25. Qg5+ Kh8 26. Bh5 Rg7 27. Qf6 Qc5 28. Be8 f4 29. h4 f3 30. g3 Ra8 31. Re5 Qd4 32. h5 Qd1+ 33. Kh2 Qd4 34. Kg1 Qd1+ 35. Kh2 Qd4 36. Kg1 1/2-1/2

[Event "Commonwealth CC-Open 2024"]
[Site "Malacca"]
[Date "2024.02.27"]
[Round "9.10"]
[White "Varshini V Kundar"]
[Black "Sethuraman, S.P."]
[Result "0-1"]
[ECO "B08"]
[WhiteElo "1096"]
[BlackElo "2594"]
[Annotator "RC"]
[PlyCount "66"]
[EventDate "2024.02.21"]
[EventCountry "MAS"]
[SourceTitle "playchess.com"]
[Source "ChessBase"]
[SourceQuality "1"]
[TimeControl "5400+30"]

1. d4 g6 2. e4 Bg7 3. Nf3 d6 4. Nc3 a6 5. a4 Nf6 6. Bc4 Nc6 7. h3 O-O 8. Qe2 e5 9. dxe5 dxe5 10. O-O Nd4 11. Nxd4 exd4 12. Nd5 Ne8 13. a5 Nd6 14. Bd3 Be6 15. c4 dxc3 16. Nxc3 c6 17. Be3 Nb5 18. Nxb5 axb5 19. Bb6 Qe7 20. f4 Rfe8 21. Qd2 Qd7 22. e5 Bf8 23. Qc3 Qe7 24. f5 gxf5 25. Bxf5 Bg7 26. Bc5 Qg5 27. g4 Bc4 28. Rfe1 Rad8 29. b3 Be6 30. Bb1 Rd5 31. Be4 Bxe5 32. Qc1 Qxc1 33. Raxc1 Rxc5 0-1

[Event "Commonwealth CC-Open 2024"]
[Site "Malacca"]
[Date "2024.02.27"]
[Round "9.11"]
[White "Wong, Zhenyong Jayden"]
[Black "Nguyen, Thu Giang"]
[Result "1-0"]
[ECO "E04"]
[WhiteElo "2406"]
[BlackElo "2072"]
[Annotator "ChessBase"]
[PlyCount "91"]
[EventDate "2024.02.21"]
[EventCountry "MAS"]
[SourceTitle "playchess.com"]
[Source "ChessBase"]
[SourceQuality "1"]
[TimeControl "5400+30"]

1. d4 e6 2. g3 d5 3. Bg2 Nf6 4. c4 dxc4 5. Nf3 a6 6. O-O Nc6 7. Nbd2 b5 8. b3 c3 9. Nb1 b4 10. a3 Rb8 11. axb4 Bxb4 12. Qc2 Bb7 13. Rd1 Ne7 14. Nxc3 Bxc3 15. Qxc3 Ne4 16. Qc2 Bd5 17. Rb1 Nd6 18. Ne5 Bxg2 19. Kxg2 O-O 20. Ba3 Rb5 21. Rdc1 Qa8+ 22. Kg1 Nd5 23. f3 f5 24. Qc6 Qxc6 25. Rxc6 Rb6 26. Rxb6 Nxb6 27. Rc1 Rb8 28. Rc6 Rd8 29. Rxc7 Nb5 30. Rc6 Nxa3 31. Rxb6 Nc2 32. Nc6 Ra8 33. Kf2 Kf8 34. e4 fxe4 35. fxe4 Na3 36. Ke3 g5 37. h4 h6 38. hxg5 hxg5 39. Nb8 a5 40. Nd7+ Kf7 41. Ne5+ Kf6 42. Ng4+ Ke7 43. Rb7+ Kd6 44. Ne5 Nc2+ 45. Kd3 Nb4+ 46. Ke2 1-0

[Event "Commonwealth CC-Open 2024"]
[Site "Malacca"]
[Date "2024.02.27"]
[Round "9.12"]
[White "Gong, Qianyun"]
[Black "Kavin Mohan"]
[Result "1-0"]
[ECO "C00"]
[WhiteElo "2263"]
[BlackElo "1803"]
[Annotator "ChessBase"]
[PlyCount "66"]
[EventDate "2024.02.21"]
[EventCountry "MAS"]
[SourceTitle "playchess.com"]
[Source "ChessBase"]
[SourceQuality "1"]
[TimeControl "5400+30"]

1. e4 e6 2. d3 d5 3. Nd2 c5 4. Ngf3 Nf6 5. g3 Nc6 6. Bg2 b6 7. O-O Bb7 8. Re1 Be7 9. a3 Qc7 10. c3 dxe4 11. dxe4 Rd8 12. Qb3 Na5 13. Qb5+ Qd7 14. Qe2 O-O 15. b4 Nc6 16. e5 Nd5 17. Ne4 cxb4 18. axb4 Qc7 19. Bb2 a6 20. c4 Ndxb4 21. Nf6+ Bxf6 22. exf6 Nd3 23. Qe3 Ne7 24. fxe7 Qxe7 25. Ba3 Qc7 26. Reb1 Nc5 27. Qe5 Qc8 28. Qh5 Be4 29. Rxb6 Nd7 30. Bxf8 Nxb6 31. Bxg7 Bxf3 32. Qg5 Bh5 33. Bh6+ Bg6 1-0

[Event "Commonwealth CC-Open 2024"]
[Site "Malacca"]
[Date "2024.02.27"]
[Round "9.14"]
[White "Wijesuriya, G P Y"]
[Black "Pon, Matt"]
[Result "1-0"]
[ECO "C06"]
[WhiteElo "1616"]
[BlackElo "2202"]
[Annotator "ChessBase"]
[PlyCount "41"]
[EventDate "2024.02.21"]
[EventCountry "MAS"]
[SourceTitle "playchess.com"]
[Source "ChessBase"]
[SourceQuality "1"]
[TimeControl "5400+30"]

1. e4 e6 2. d4 d5 3. Nd2 Nf6 4. e5 Nfd7 5. Bd3 c5 6. c3 Nc6 7. Ne2 cxd4 8. cxd4 f6 9. Nf4 Nxd4 10. Qh5+ Ke7 11. exf6+ Nxf6 12. Ng6+ hxg6 13. Qxh8 Kf7 14. O-O e5 15. Nb3 Nxb3 16. axb3 Bf5 17. Bxf5 gxf5 18. Bg5 Bc5 19. Qh3 Qd7 20. Bxf6 Kxf6 21. Rfe1 1-0

[Event "Commonwealth CC-Open 2024"]
[Site "Malacca"]
[Date "2024.02.27"]
[Round "9.15"]
[White "Bhagyashree Patil"]
[Black "Gomes, Mary Ann"]
[Result "0-1"]
[ECO "A48"]
[WhiteElo "1885"]
[BlackElo "2332"]
[Annotator "ChessBase"]
[PlyCount "32"]
[EventDate "2024.02.21"]
[EventCountry "MAS"]
[SourceTitle "playchess.com"]
[Source "ChessBase"]
[SourceQuality "1"]
[TimeControl "5400+30"]

1. d4 Nf6 2. Bf4 d6 3. Nf3 g6 4. Nc3 Bg7 5. Qd2 h6 6. h4 Bf5 7. O-O-O Nbd7 8. Re1 Ne4 9. Nxe4 Bxe4 10. g4 c5 11. Rh3 Rc8 12. e3 cxd4 13. Bd3 Bxd3 14. Qxd3 Nc5 15. Qd2 Ne4 16. Qe2 d3 0-1

[Event "Commonwealth CC-Open 2024"]
[Site "Malacca"]
[Date "2024.02.27"]
[Round "9.17"]
[White "Masli, Muhd Nur Daie"]
[Black "Soumya, Swaminathan"]
[Result "1-0"]
[ECO "B67"]
[WhiteElo "1867"]
[BlackElo "2259"]
[Annotator "ChessBase"]
[PlyCount "77"]
[EventDate "2024.02.21"]
[EventCountry "MAS"]
[SourceTitle "playchess.com"]
[Source "ChessBase"]
[SourceQuality "1"]
[TimeControl "5400+30"]

1. e4 c5 2. Nf3 Nc6 3. d4 cxd4 4. Nxd4 Nf6 5. Nc3 d6 6. Bg5 e6 7. Qd2 a6 8. O-O-O Bd7 9. f3 Nxd4 10. Qxd4 Be7 11. g4 b5 12. Be3 Rb8 13. g5 Nh5 14. Qd2 b4 15. Ne2 Qa5 16. Kb1 e5 17. Ng3 Be6 18. b3 Nxg3 19. hxg3 Rd8 20. Qf2 Rb8 21. f4 f6 22. gxf6 gxf6 23. Bh3 Bxh3 24. Rxh3 Qc7 25. Qe2 Rc8 26. Rh2 Kd7 27. fxe5 fxe5 28. Rh5 Rcg8 29. Rxe5 Rxg3 30. Bf4 Rg6 31. Red5 Qb7 32. e5 Re8 33. Qe4 Qc6 34. Qf5+ Kd8 35. exd6 Bf6 36. d7 Reg8 37. Rc5 Rg1 38. Rxc6 Rxd1+ 39. Bc1 1-0

[Event "Commonwealth CC-Open 2024"]
[Site "Malacca"]
[Date "2024.02.27"]
[Round "9.19"]
[White "M Mohd Nur, Megat Muhd Irfan"]
[Black "Chitlange Sakshi"]
[Result "0-1"]
[ECO "D02"]
[WhiteElo "1601"]
[BlackElo "2210"]
[Annotator "ChessBase"]
[PlyCount "122"]
[EventDate "2024.02.21"]
[EventCountry "MAS"]
[SourceTitle "playchess.com"]
[Source "ChessBase"]
[SourceQuality "1"]
[TimeControl "5400+30"]

1. d4 d5 2. Nf3 Nf6 3. c3 e6 4. Bf4 Bd6 5. Bg3 O-O 6. e3 c5 7. Nbd2 Qc7 8. Bd3 Nbd7 9. O-O e5 10. dxe5 Nxe5 11. Nxe5 Bxe5 12. Qa4 Bxg3 13. hxg3 Re8 14. Qf4 Qe7 15. e4 Nxe4 16. Rfe1 Be6 17. Nxe4 dxe4 18. Qxe4 g6 19. Rad1 Qc7 20. Bc4 Bd7 21. Qf4 Qxf4 22. gxf4 Bc6 23. Re5 Rxe5 24. fxe5 Re8 25. f4 Kg7 26. Rd6 Re7 27. Kf2 g5 28. g3 gxf4 29. gxf4 Rd7 30. Rxd7 Bxd7 31. a3 Kg6 32. Kg3 h6 33. b4 b6 34. Bd3+ Bf5 35. Bc4 Bc2 36. Bd5 Bd3 37. a4 a5 38. bxa5 bxa5 39. e6 fxe6 40. Bxe6 Kf6 41. Bd7 Ke7 42. Bc6 Kf6 43. Bd7 Bc2 44. Kg4 Bf5+ 45. Bxf5 h5+ 46. Kxh5 Kxf5 47. c4 Kxf4 48. Kg6 Ke5 49. Kf7 Kd4 50. Ke6 Kxc4 51. Kd6 Kb4 52. Kd5 Kxa4 53. Kc4 Ka3 54. Kc3 a4 55. Kc2 Kb4 56. Kb2 c4 57. Ka2 Kc3 58. Ka3 Kd2 59. Kb2 c3+ 60. Kb1 c2+ 61. Ka2 a3 0-1